 Dungeon Crawl Stone Soup version 0.29-a0-284-gf9362112df (webtiles) character file.

Game seed: 4740559447159854192

20 spaghetti the Sneak (level 2, -3/16 HPs)
             Began as a Vine Stalker Delver on Mar 20, 2022.
             Slain by an iguana (10 damage)
             ... on level 3 of the Dungeon.
             The game lasted 00:01:22 (811 turns).

spaghetti the Sneak (Vine Stalker Delver)            Turns: 811, Time: 00:01:22

Health: -3/16      AC:  4    Str: 14    XL:     2   Next: 79%
Magic:  0/3        EV: 11    Int: 10    God:
Gold:   5          SH:  0    Dex: 15    Spells: 1/1 levels left

rFire   . . .      SeeInvis .   a - +0 short sword {short}
rCold   . . .      Faith    .   (no shield)
rNeg    . . .      Spirit   +   b - +0 leather armour
rPois   .          Reflect  .   (no helmet)
rElec   .          Harm     .   (no cloak)
rCorr   .          Rampage  .   (no gloves)
Will    .....                   d - +0 pair of boots
Stlth   +++.......              (no amulet)
HPRegen 0.05/turn               (no ring)
MPRegen 0.08/turn               (no ring)

@: no status effects
A: fangs 2, magic shield, antimagic bite, no potion heal 2
a: no special abilities


You were on level 3 of the Dungeon.
You visited 1 branch of the dungeon, and saw 3 of its levels.

You collected 5 gold pieces.


Innate Abilities, Weirdness & Mutations

You have extremely sharp teeth.
When hurt, damage is shared between your health and your magic reserves.
Your bite disrupts and absorbs the magic of your enemies.
Potions cannot restore your health.


   Skills:
 - Level 2.6 Fighting
 - Level 1.7 Short Blades
 - Level 1.5 Dodging
 + Level 7.0 Stealth


You had one spell level left.
You didn't know any spells.
Your spell library contained the following spells:

 Spells                   Type           Power      Damage    Failure   Level
 Apportation              Tloc           0%         N/A       43%         1
 Blink                    Tloc           0%         N/A       58%         2
 Lesser Beckoning         Tloc           0%         N/A       82%         3
 Alistair's Intoxication  Tmut/Pois      0%         N/A       100%        5
 Manifold Assault         Tloc           0%         N/A       100%        5

Inventory:

Hand Weapons
 a - a +0 short sword (weapon) {short}
Armour
 b - a +0 leather armour (worn)
 d - a +0 pair of boots (worn)
   (You found it on level 4 of the Dungeon)
Wands
 g - a wand of digging (3)
Scrolls
 c - a scroll of fog
 e - a scroll of fear
 i - a scroll of identify {@r1}
Potions
 f - a potion of haste {@q3}
 h - a potion of degeneration {!q@e2}

Dungeon Overview and Level Annotations

Branches:
Dungeon (5/15)
 Temple: D:4-7

Altars:

###...#.# #w#
........### #.#
###.......# #.#
#####
#..####.###.#
#....
#...........#
#.###
#...##..#####
#...#.#.#
#....##..#
#l@.##.....
............#.###
########.#.#.##
#..... #######


You could see an iguana.


Message History

You start resting. 😨 HP[+1] MP[+1]
Your mp is fully restored (2).
You start resting. 😎 HP[+6]
Your hp is fully restored (11).
(D) Dungeon
Where to? (Enter - D:4, ? - help)
There is a stone staircase leading up here.
You climb upwards.
There is a stone staircase leading down here.
Unknown command.
Unknown command.
A bat is nearby!
A bat is nearby!
A bat is nearby!
A bat is nearby!
The bat closely misses you. The bat hits you. 😎 MP[-1]
You lost 1 mp, and now have 1/2 mp.
You closely miss the bat. Your bite misses the bat. The bat barely misses you.
The bat barely misses you. The bat barely misses you.
The bat hits you but does no damage.
You hit the bat. The bat hits you but does no damage.
You closely miss the bat. The bat barely misses you. x2
You hit the bat.
You kill the bat!
h - a sapphire potion 😎 MP[+1]
Your mp is fully restored (2).
A goblin and an adder come into view.
The adder hisses angrily.
You closely miss the goblin.
The goblin shouts!
The goblin hits you but does no damage.
You hit the goblin. Your bite misses the goblin.
The goblin hits you but does no damage.
You hit the goblin but do no damage. You bite the goblin. You drain its power.
The goblin closely misses you.
You barely miss the goblin. You punch the goblin.
You kill the goblin!
You have reached level 2! 😎 HP[+5] MP[+1]
You now have 16 max hp (+5).
Your hp is fully restored (16).
Your mp is fully restored (3).
You hit the adder. You bite the adder, but do no damage.
The adder closely misses you. The adder barely misses you.
You closely miss the adder. You bite the adder. You drain its power.
The adder bites you but does no damage.
You closely miss the adder. You bite the adder.
You kill the adder!
You see here a +0 club {mace}.
You enter the shallow water.
Moving in this stuff is going to be slow.
A dart slug is nearby!
You completely miss the dart slug.
You bite the dart slug, but do no damage.
The dart slug launches a dart at you. The slug dart hits you. 😕 HP[-3]
You take 3 damage, and now have 13/16 hp.
You hit the dart slug. The dart slug barely misses you.
You hit the dart slug. You bite the dart slug.
You kill the dart slug!
You see here a dart slug corpse.
You start resting. 😎 HP[+3]
Your hp is fully restored (16).
Key pressed, stopping explore.
A rat comes into view.
A rat is nearby!
The helpless rat fails to defend itself.
You impale the rat!!
You kill the rat!
Your Stealth skill increases to level 7!
You see here a rat corpse.
i - a scroll of identify {@r1} You now have 5 gold pieces.
i - 2 scrolls of identify {@r1} (gained 1)
As you read the scroll of identify {@r1}, it crumbles to dust.
h - a potion of degeneration The iguana bites you. 😮 HP[-6]
You take 6 damage, and now have 10/16 hp.
MASSIVE DAMAGE!! (PAUSE)
You hit the iguana but do no damage. You bite the iguana. You drain its power.
The iguana bites you.
* * * LOW HITPOINT WARNING * * *
😨 HP[-3] MP[-1]
You take 3 damage, and now have 7/16 hp.
You lost 1 mp, and now have 2/3 mp.
You hit the iguana. You bite the iguana, but do no damage.
The iguana barely misses you.
You hit the iguana. Your bite misses the iguana.
The iguana completely misses you.
You closely miss the iguana. The iguana closely misses you.
You barely miss the iguana. The iguana closely misses you.
You hit the iguana. The iguana bites you!
Ouch! That really hurt!
You die...

Skill      XL: |  1  2 |
---------------+-------+-----
Stealth        | 7 |  7.0
Fighting       | |  2.6
Short Blades   | |  1.7
Dodging        | |  1.5

Action                   || total
-------------------------++-------
Melee: Short sword       ||    31
       Bite              ||    10
       Punch             ||     2
  Use: Scroll            ||     4
 Stab: Sleeping          ||     1
Armor: Leather armour    ||    11
Dodge: Dodged            ||    17

Levels and vault maps discovered:
D:3:      layout_loops_ring, chequers_serial_rivers_micro_b
D:4:      layout_basic, mainiacjoe_overflow_alcove_1,
          minmay_temple_entry_offerings, uniq_grinder
D:5:      layout_layer_cave, hex_medium, uniq_menkaure

Notes
Turn   | Place    | Note
-------+----------+-------------------------------------------
     0 | D:5      | spaghetti the Vine Stalker Delver began the quest for the
                  | Orb.
     0 | D:5      | Reached XP level 1. HP: 11/11 MP: 2/2
     0 | D:5      | magus.rc [v1.9.6]
    28 | D:4      | You pick up a book of Spatial Translocations and begin
                  | reading...
    28 | D:4      | You add the spells Blink, Lesser Beckoning and Manifold
                  | Assault to your library.
   112 | D:3      | Noticed an iguana
   294 | D:4      | You pick up a book of Party Tricks and begin reading...
   294 | D:4      | You add the spells Apportation and Alistair's Intoxication
                  | to your library.
   566 | D:3      | Reached XP level 2. HP: 16/16 MP: 3/3
   731 | D:3      | Reached skill level 7 in Stealth
   811 | D:3      | Slain by an iguana

Vanquished Creatures
  An adder (D:3)
  A dart slug (D:3)
  A bat (D:3)
  2 endoplasms (D:4)
  A giant cockroach (D:4)
  A goblin (D:3)
  A frilled lizard (D:3)
  A rat (D:3)
9 creatures vanquished.

Table legend:
 A = Non-vault XP
 B = Vault XP
 C = Vault XP percentage of total XP
 D = Non-vault monster count
 E = Vault monster count
 F = Vault count percentage of total count
                 A         B        C        D         E       F
            +---------+---------+-------+---------+---------+-------
      Total |      29 |       0 |   0.0 |       9 |       0 |   0.0
            +---------+---------+-------+---------+---------+-------
        D:3 |      23 |       0 |   0.0 |       6 |       0 |   0.0
        D:4 |       6 |       0 |   0.0 |       3 |       0 |   0.0
            +---------+---------+-------+---------+---------+-------

Illustrated notes

Table legend:
 A = Kills in this place as a percentage of kills in entire the game.
 B = Kills by you in this place as a percentage of kills by you in the entire game.
 C = Kills by friends in this place as a percentage of kills by friends in the entire game.
 D = Other kills in this place as a percentage of other kills in the entire game.
 E = Experience gained in this place as a percentage of experience gained in the entire game.
 F = Experience gained in this place divided by the number of levels of this place that you have seen.
                   A       B       C       D       E      F
               +-------+-------+-------+-------+-------+----------------------
         Total | 100.0 | 100.0 |   N/A |   N/A | 100.0 |   9.7
       Dungeon | 100.0 | 100.0 |   N/A |   N/A | 100.0 |   9.7
               +-------+-------+-------+-------+-------+----------------------

Table legend: (Time is in decaauts)
 A = Elapsed time spent in this place.
 B = Non-inter-level travel time spent in this place.
 C = Inter-level travel time spent in this place.
 D = Time resting spent in this place.
 E = Time spent auto-exploring this place.
 F = Levels seen in this place.
 G = Mean time per level.
                   A        B        C        D        E       F      G
               +--------+--------+--------+--------+--------+-----+--------+
         Total |    812 |    785 |     27 |    254 |    365 |   3 |  270.7 |
       Dungeon |    812 |    785 |     27 |    254 |    365 |   3 |  270.7 |
               +--------+--------+--------+--------+--------+-----+--------+

Top non-repeatable levels by time:
     D:3: 432 daAuts
     D:4: 358 daAuts
     D:5: 22 daAuts
